 Dungeon Crawl Stone Soup version 0.24.0-13-gcf9b319 (webtiles) character file.

Game seed: 6974057351813194534, levelgen mode: deterministic

54 wrhowe the Skirmisher (level 3, -2/43 HPs)
             Began as a Demonspawn Berserker on Feb 3, 2020.
             Was a Follower of Trog.
             Slain by a gnoll
             ... wielding a +0 halberd
              (8 damage)
             ... on level 3 of the Dungeon.
             The game lasted 00:11:27 (1947 turns).

wrhowe the Skirmisher (Demonspawn Berserker)        Turns: 1947, Time: 00:11:28

Health: -2/43      AC:  7    Str: 23    XL:     3   Next: 66%
Magic:  3/3        EV: 11    Int:  8    God:    Trog [*.....]
Gold:   170        SH:  0    Dex: 12    Spells: 2/2 levels left

rFire    . . .     SeeInvis .   a - +0 hand axe
rCold    . . .     Gourm    .   (no shield)
rNeg     . . .     Faith    .   i - +1 scale mail
rPois    .         Spirit   .   (no helmet)
rElec    .         Reflect  .   (no cloak)
rCorr    .         Harm     .   (no gloves)
MR       .....                  (no boots)
Stlth    ..........             (no amulet)
HPRegen  0.14/turn              (no ring)
MPRegen  0.08/turn              (no ring)

@: berserking (expiring), very quick
A: claws 1
a: Berserk, Renounce Religion


You were on level 3 of the Dungeon.
You worshipped Trog.
Trog was aware of your devotion.
You were very hungry.

You visited 1 branch of the dungeon, and saw 3 of its levels.

You collected 170 gold pieces.

Inventory:

Hand Weapons
 a - a +0 hand axe (weapon)
 o - a cursed -3 falchion
Armour
 b - a +0 animal skin
 e - a +0 leather armour
 i - a +1 scale mail (worn)
Scrolls
 g - a scroll of magic mapping {unknown}
 m - a scroll of identify {unknown}
Potions
 d - 4 potions of curing {unknown}
 f - a potion of mutation {unknown}
 h - a potion of haste {unknown}
 j - a potion of resistance {unknown}
 k - a potion of lignification {unknown}
 l - a potion of agility {unknown}
 n - a potion of degeneration {unknown}
Comestibles
 c - 5 rations


   Skills:
 + Level 3.4 Fighting
 + Level 3.4 Axes
 + Level 2.0 Armour
 + Level 2.4 Dodging


You had 2 spell levels left.
You didn't know any spells.
Your spell library was empty.

Dungeon Overview and Level Annotations

Branches:
Dungeon (3/15)

Altars:

Annotations:
D:2 1 runed translucent door, Crazy Yiuf


Innate Abilities, Weirdness & Mutations

You have sharp fingernails.


Message History

The gnoll hits you but does no damage.
You hit the gnoll.
The gnoll is moderately wounded.
The gnoll barely misses you. The gnoll hits you with a +0 whip.
* * * LOW HITPOINT WARNING * * *
You closely miss the gnoll.
The gnoll is moderately wounded.
The gnoll hits you but does no damage. The gnoll hits you with a +0 whip.
* * * LOW HITPOINT WARNING * * *
You hit the gnoll.
The gnoll is heavily wounded.
The gnoll barely misses you. The gnoll hits you with a +0 whip.
* * * LOW HITPOINT WARNING * * *
A red film seems to cover your vision as you go berserk!
You feel yourself moving faster!
You feel mighty!
You are feeling very hungry.
You feel a strong urge to attack something.
The gnoll closely misses you. The gnoll hits you with a +0 halberd!
You die...

...#.......# ##.#
...#.......# #..#
...#.......# #.##
...........# #.#
...........# #.#
.#...##.#### #g#
.#.#.....# #g#
...###.#.## #g#
#.## #....# #@#
#.# #.##...# #.#
#.# #.##.#.# #.#
.# #.##.#.# ##.#
## #.##.#.###..#
#.##.#...#†##
.#####.##..##.#.#
...........##...#
............?...#


You could see 3 gnolls.

Vanquished Creatures
  An adder (D:2)
  2 worms (D:2)
  2 leopard geckos
  3 giant cockroaches (D:1)
  3 goblins
  3 hobgoblins (D:1)
  3 jackals (D:1)
  A quokka (D:3)
  6 bats
  3 frilled lizards
  7 kobolds
  3 rats
37 creatures vanquished.

Notes
Turn   | Place    | Note
-------+----------+-------------------------------------------
     0 | D:1      | wrhowe the Demonspawn Berserker began the quest for the
                  | Orb.
     0 | D:1      | Reached XP level 1. HP: 18/18 MP: 1/1
   132 | D:1      | Gained mutation: You have sharp fingernails. [demonic
                  | ancestry]
   132 | D:1      | Reached XP level 2. HP: 10/24 MP: 2/2
   950 | D:2      | Reached XP level 3. HP: 20/29 MP: 3/3
  1101 | D:2      | Reached ** piety under Trog
  1105 | D:2      | HP: 1/29 [poisoned by an adder]
  1200 | D:2      | Found a runed translucent door.
  1201 | D:2      | Noticed Crazy Yiuf
  1947 | D:3      | Slain by a gnoll

Levels and vault maps discovered:
D:1:      dpeg_chamrin_arrival_tetris, layout_basic, minmay_crystal_water,
          corexii_corridor_pit
D:2:      layout_basic, led_sif_pool, uniq_crazy_yiuf_cottage
D:3:      layout_rooms, chequers_mini_garden

Skill      XL: |  1  2  3 |
---------------+----------+-----
Dodging        | 2 |  2.4
Axes           | 3 |  3.4
Armour         | 2 |  2.0
Fighting       | |  3.4

Action                   || total
-------------------------++-------
Melee: Hand axe          ||   132
Invok: Berserk           ||     1
       Trog's Hand       ||     1
  Use: Scroll            ||     4
       Potion            ||     1
 Stab: Sleeping          ||     1
  Eat: Ration            ||     1
Armor: Leather armour    ||    24
       Scale mail        ||    12
Dodge: Dodged            ||    91
